AoeStats
← GORGORY

Golden Pit

503269452Analyzed
1v1 RM · 1mo ago on Aug 30, 2026· 48m 51s· 2 players
Game mode
Random Map
Map size
Tiny (2 player)
Population
200
Speed
Normal
Resources
Standard
Victory
Conquest
Starting age
Dark Age
Ending age
Imperial Age
RankedLock teamsTeams togetherTeam positionsShared explorationLock speedFull tech treeHidden civsTurbo modeCheats
Victory
Defeat
🇦🇷 Chinese · Argentina
992
+16
🇧🇪 Romans · Belgium
999
-16
GORGORY
0:34 Loom
8:48 Feudal Age
9:16 Double-Bit Axe
9:37 Horse Collar
13:46 Wheelbarrow
19:54 Castle Age
19:55 Stone Mining
19:56 Gold Mining
23:14 Fervor
24:01 Town Watch
25:30 Sanctity
27:08 Bloodlines
27:24 Scale Barding Armor
27:46 Squires
28:09 Forging
27:59 Scale Mail Armor
29:04 Bow Saw
29:11 Pikeman
30:44 Hand Cart
30:38 Scale Mail Armor
34:59 Imperial Age
34:00 Iron Casting
33:40 Chain Mail Armor
34:43 Chain Mail Armor
35:49 Heavy Plow
36:49 Conscription
36:28 Arson
37:14 Town Patrol
38:39 Gold Shaft Mining
38:30 Elite Fire Lancer
41:37 Fletching
41:47 Padded Archer Armor
41:57 Elite Chu Ko Nu
43:26 Rocketry
43:38 Thumb Ring
43:33 Bodkin Arrow
43:55 Leather Archer Armor
44:45 Cavalier
45:25 Husbandry
45:29 Bracer
45:59 Ring Archer Armor
45:35 Scale Barding Armor
47:28 Blast Furnace
47:25 Ballistics
47:00 Murder Holes
48:06 Chemistry
JEANRO
12:59 Feudal Age
13:31 Double-Bit Axe
21:17 Castle Age
20:08 Fletching
20:46 Scale Mail Armor
20:30 Man-at-Arms
21:34 Elite Skirmisher
22:39 Bodkin Arrow
23:29 Long Swordsman
24:34 Horse Collar
27:27 Bow Saw
28:03 Town Watch
32:20 Scale Barding Armor
32:51 Forging
34:35 Heavy Plow
34:43 Squires
35:44 Iron Casting
43:38 Imperial Age
45:20 Padded Archer Armor
45:36 Chain Mail Armor
Connection lost

Rejoining the realm…

Still unreachable

The connection could not be restored.

Session expired

The server has moved on; the page needs a fresh start.